 Dungeon Crawl Stone Soup version 0.31-a0-702-gf82c85558f (webtiles) character file.

Game seed: 10880295827465460094

13 qw the Shooter (level 2, -1/17 HPs)
             Began as a Gargoyle Hunter on Sept 8, 2023.
             Slain by an endoplasm (3 damage)
             ... on level 2 of the Dungeon.
             The game lasted 00:00:15 (888 turns).

qw the Shooter (Gargoyle Hunter)                     Turns: 888, Time: 00:00:15

Health: -1/17      AC:  9    Str: 14    XL:     2   Next: 37%
Magic:  2/2        EV: 10    Int:  9    God:
Gold:   75         SH:  0    Dex: 13    Spells: 1/1 levels left

rFire   . . .        Y - +1 shortbow
rCold   . . .        (shield currently unavailable)
rNeg    + . .        d - +0 ring mail
rPois   inf          (no helmet)
rElec   +            (no cloak)
rCorr   .            (no gloves)
SInv    .            g - +0 pair of boots
Will    .....        (no amulet)
Stlth   +            (no ring)
HPRegen 0.22/turn    (no ring)
MPRegen 0.08/turn

%: no passive effects
@: no status effects
A: sickness immunity, AC +2, negative energy resistance 1, electricity
resistance, torment resistance 1, petrification resistance
a: no special abilities


You were on level 2 of the Dungeon.
You visited 1 branch of the dungeon, and saw 2 of its levels.

You collected 75 gold pieces.


Innate Abilities, Weirdness & Mutations

You are immune to sickness and miasma.
Your stone body is resilient. (AC +2)
You are immune to poison.
You resist negative energy. (rN+)
You are resistant to electric shocks. (rElec)
You are resistant to unholy torment.
You are immune to petrification.


   Skills:
 - Level 2.1 Fighting
 + Level 4.4 Ranged Weapons
 - Level 1.0 Armour
 - Level 1.5 Dodging
 - Level 1.1 Stealth


You had one spell level left.
You didn't know any spells.
Your spell library was empty.

Inventory:

Hand Weapons
 Y - a +1 shortbow (weapon)
Armour
 d - a +0 ring mail (worn)
 g - a +0 pair of boots (worn)
Scrolls
 a - a scroll of identify
Potions
 b - a potion of might {unknown}

Dungeon Overview and Level Annotations

Branches:
Dungeon (2/15)

Altars:

Annotations:
D:2 Terence


Message History

The kobold shouts! x2; You hear a shout!
Terence the Incautious comes into view.
He is wielding a +0 mace.
There is a stone staircase leading down here.
877 |||
Found retreat position at -6,0 (floor) with 0 blocking monsters and 1 monsters attacking at destination at distance 6 x2
877 ||| RETREATING.
The kobold throws a stone.
The stone hits you but does no damage.
You shoot an arrow. The arrow hits Terence.
Terence is lightly wounded.
The kobold throws a stone.
The stone hits you but does no damage.
You shoot an arrow.
The arrow hits Terence but does no damage.
Terence is lightly wounded.
You shoot an arrow. The arrow barely misses the kobold.
You shoot an arrow. The arrow hits the kobold.
The kobold is severely wounded.
You shoot an arrow. The arrow hits the kobold!
You kill the kobold!
Your Armour skill increases to level 1!
You shoot an arrow. The arrow closely misses Terence.
Terence hits you with a +0 mace.
The endoplasm hits you but does no damage.
Terence hits you with a +0 mace.
You shoot an arrow. The arrow closely misses Terence.
The endoplasm hits you but does no damage.
Terence hits you with a +0 mace.
You shoot an arrow. The arrow hits Terence.
Terence is moderately wounded.
The endoplasm closely misses you. Terence hits you with a +0 mace.
You shoot an arrow. The arrow hits Terence.
Terence is heavily wounded.
The endoplasm barely misses you. Terence hits you but does no damage.
The endoplasm freezes you.
You are frozen.
Terence hits you but does no damage.
You shoot an arrow. The arrow hits Terence!
Terence is almost dead.
The endoplasm freezes you.
You are frozen.
Terence hits you with a +0 mace.
You shoot an arrow. The arrow barely misses Terence.
The endoplasm hits you.
You die...

###### #############....#
. .................# ...
......#######...@###.....
.....<.(........J@)......
....%.#.#####.###K##.....
#####.#.# #.# ..# ... #.#
# #....## # ..# ....# ###
#... #..K #.J


You could see Terence, an endoplasm and a kobold.

Vanquished Creatures
  A ball python (D:1)
  2 bats
  A giant cockroach (D:1)
  2 goblins (D:1)
  2 hobgoblins (D:1)
  2 kobolds (D:2)
  A rat (D:1)
11 creatures vanquished.

Notes
Turn   | Place    | Note
-------+----------+-------------------------------------------
     0 | D:1      | qw the Gargoyle Hunter began the quest for the Orb.
     0 | D:1      | Reached XP level 1. HP: 12/12 MP: 1/1
     0 | D:1      | 0 ||| qw: Version: 0.3-a-76-g4403597
     0 | D:1      | 0 ||| qw: Game counter: 1109
     0 | D:1      | 0 ||| qw: Melee chars always use a shield: true
     0 | D:1      | 0 ||| qw: God list: Okawaru
     0 | D:1      | 0 ||| qw: Allow faded altars: false
     0 | D:1      | 0 ||| qw: Do Orc after clearing Dungeon:15 true
     0 | D:1      | 0 ||| qw: Do second Lair branch before Depths: true
     0 | D:1      | 0 ||| qw: Lair rune preference: random
     0 | D:1      | 0 ||| qw: Goals: Normal
     0 | D:1      | 0 ||| PLANNING D:1-11
   407 | D:1      | Reached XP level 2. HP: 17/17 MP: 2/2
   788 | D:1      | 788 ||| UPGRADING to +0 ring mail.
   798 | D:1      | 798 ||| DROPPING +0 leather armour.
   799 | D:1      | 799 ||| UPGRADING to +0 pair of boots.
   804 | D:1      | 804 ||| READING 3 scrolls labelled OZADA YHIKLUE.
   805 | D:1      | 805 ||| READING scroll labelled FUTIWE FESTOITZ.
   806 | D:1      | 806 ||| READING scroll labelled JEWKAFUEST.
   807 | D:1      | 807 ||| READING 2 scrolls of identify.
   807 | D:1      | 807 ||| IDENTIFYING inky potion
   808 | D:1      | 808 ||| DROPPING scroll of butterflies.
   809 | D:1      | 809 ||| DROPPING potion of brilliance.
   833 | D:2      | 833 ||| STAIRDANCE
   849 | D:2      | 849 ||| STAIRDANCE
   876 | D:2      | Noticed Terence
   877 | D:2      | 877 ||| RETREATING.
   883 | D:2      | Reached skill level 1 in Armour
   887 | D:2      | HP: 2/17 [Terence/+0 mace (5)]
   888 | D:2      | Slain by an endoplasm

Levels and vault maps discovered:
D:1:      mrwooster_arrival_statue, layout_basic, nrook_mini_backslash,
          chequers_big_river
D:2:      layout_basic, uniq_terence

Skill      XL: |  1  2 |
---------------+-------+-----
Armour         | 1 |  1.0
Fighting       | |  2.1
Ranged Weapons | |  4.4
Dodging        | |  1.5
Stealth        | |  1.1

Action                     || total
---------------------------++-------
   Fire: Shortbow          ||    42
    Use: Scroll            ||     4
 Armour: Leather armour    ||     5
         Ring mail         ||    19
  Dodge: Dodged            ||    15

Table legend:
 A = Non-vault XP
 B = Vault XP
 C = Vault XP percentage of total XP
 D = Non-vault monster count
 E = Vault monster count
 F = Vault count percentage of total count
                 A         B        C        D         E       F
            +---------+---------+-------+---------+---------+-------
      Total |      19 |       0 |   0.0 |      11 |       0 |   0.0
            +---------+---------+-------+---------+---------+-------
        D:1 |      15 |       0 |   0.0 |       8 |       0 |   0.0
        D:2 |       4 |       0 |   0.0 |       3 |       0 |   0.0
            +---------+---------+-------+---------+---------+-------
